Dave, neutral male human Ranger # `######## ----------- ---------.- #--------- #...........# |.........| #|.......| #|.........|# -------- |.........-#####|.>.....-#### #-----.-----# |.@m??(| --------.-- |.......| # ### ## # ##-.(.d[?| # |.....`.-######--------- # # # ##|@.[.!]| # -----.--- #.....<...# # ### # ####-------- # # #|.......|# # # # # # ############### #|.......|# # #### ### # --|-|---------- #---------### # ## # # |..............#################### # -----# ########## # |.............| ##....|# #-|-.-.-# |.............-########### |....# ##|......# |.............| |...| ##......| |.............-%#######################|....######### |.....| ---------.----- #----- #-.....| # %###############--|---- # Dave the Lookout Experience level: 3 Strength: 16 Dexterity: 9 Constitution: 16 Intelligence: 13 Wisdom: 14 Charisma: 7 Health: 0(26) Energy: 11(11) Def: 6 Gold: 232 Moves: 2089 Dungeon seed: 4oY2EnuYrjP3QzZ5 Game ID: Dave_1533156983 Your Inventory: Coins $ - 232 gold pieces Weapons a - a +1 dagger b - a +1 bow (alternate weapon; not wielded) c - 56 +2 arrows (in quiver) d - 35 +0 arrows l - a cursed -2 crossbow t - a cursed -2 two-handed sword (weapon in hands) u - a +0 elven dagger Armor e - a blessed +2 cloak of displacement (being worn) y - an uncursed +0 studded leather armor (being worn) Comestibles f - 2 uncursed cram rations Potions i - an uncursed potion of hallucination j - a cursed potion of booze p - an uncursed potion of sickness Tools g - an uncursed leash k - an uncursed magic lamp Gems n - 2 uncursed worthless pieces of green glass q - an uncursed worthless piece of orange glass r - 2 uncursed worthless pieces of violet glass Spells and supernatural/magical abilities: Name Level Category Fail Memory W - pray for help -- divine ? -- Your skills at the end: Fighting Skills Weapon Skills dagger [Basic] bow [Basic] Spellcasting Skills Final Attributes: You were fervently aligned. You had automatic searching. You were displaced. You are dead. Vanquished creatures: an acid blob a gas spore a hobbit 2 yellow molds a gecko 5 jackals a fox 3 kobolds a goblin 3 sewer rats 5 grid bugs 3 lichens 2 kobold zombies 6 newts 35 creatures vanquished. Voluntary challenges: You followed a strict vegan diet. You were an atheist. You used a wielded weapon 30 times, starting on turn 139. You were illiterate. You never genocided any monsters. You never polymorphed an object. You never changed form. You used no wishes. You never split a pudding. You never wrote Elbereth's name. You violated your moral code, losing 10 points of alignment, starting on turn 2046. Dungeon overview: The Dungeons of Doom: levels 1 to 2 Level 1 a fountain a long staircase Level 2 <- You were here a general store History has recorded: On T:1 you entered the Dungeons of Doom to retrieve the Amulet of Yendor! On T:664 you advanced to experience level 2. On T:949 you reached level 2 of The Dungeons of Doom. On T:1645 you advanced to experience level 3. Score breakdown: Gold: 232 ( 8052 points) Experience: 3 levels ( 7878 points) Exploration: 2 levels ( 4.26%) ( 4423 points) Discoveries: 0 items ( 0.00%) ( 0 points) Valuables value: (no points given unless you survive) Artifact value: 0 ( 0 points) Variety of kills: 14 monsters ( 3.67%) ( 5750 points) Turncount: 2089 turns ( -65 points) Survival: died (score multiplied by 80%) Total score: 20830 Latest messages: Sirius drops a bronze spellbook. You miss the small mimic. Sirius picks up a potion. You hit the small mimic! Sirius drops a potion. You hit the small mimic! Sirius picks up a towel. The small mimic hits! You miss the small mimic. (2x) Sirius drops a towel. You miss the small mimic. (2x) The small mimic hits! You hit the small mimic! Sirius picks up a potion. You miss the small mimic. (3x) The small mimic hits! You miss the small mimic. (3x) Sirius drops a potion. You miss the small mimic. The small mimic hits! You die... Pakka Pakka gratefully inherits all your possessions. Final status: Goodbye Dave the Ranger, killed by a small mimic... You died in The Dungeons of Doom on dungeon level 2 with 20830 points, and 232 pieces of gold, after 2089 moves. You were level 3 with a maximum of 26 hit points when you died.